 Dungeon Crawl Stone Soup version 0.21.1-1-g345015f (webtiles) character file.

325 Mgcat the Firebug (level 6, -3/32 HPs)
             Began as a Gargoyle Fire Elementalist on Feb 5, 2018.
             Slain by an ogre
             ... wielding a +0 giant club
              (22 damage)
             ... on level 4 of the Dungeon.
             The game lasted 00:09:09 (3216 turns).

Mgcat the Firebug (Gargoyle Fire Elementalist)      Turns: 3216, Time: 00:09:10

Health: -3/32      AC:  9    Str: 12    XL:     6   Next: 48%
Magic:  1/20       EV: 12    Int: 17    God:
Gold:   128        SH:  0    Dex: 10    Spells: 2/12 levels left

rFire    . . .     SeeInvis .   d - +1 spear
rCold    . . .     Gourm    .   (no shield)
rNeg     + . .     Faith    .   a - +0 robe
rPois    ∞         Spirit   .   f - +0 helmet
rElec    +         Reflect  .   o - +1 cloak
rCorr    .         Harm     .   (no gloves)
MR       +....                  (no boots)
Stlth    ++........             (no amulet)
HPRegen  0.10/turn              p - ring of magical power {MP+9}
MPRegen  0.17/turn              u - ring of protection from magic {MR+, !d}

@: very slightly contaminated
A: negative energy resistance 1, electricity resistance, unbreathing,
petrification resistance, rot immunity, AC +4
a: no special abilities


You were on level 4 of the Dungeon.
You were very hungry.

You visited 1 branch of the dungeon, and saw 4 of its levels.

You collected 128 gold pieces.

Inventory:

Hand Weapons
 d - a +1 spear (weapon)
   (You found it on level 1 of the Dungeon)
 s - a +2 whip of electrocution
   (You found it on level 2 of the Dungeon)
Missiles
 l - 48 sling bullets
Armour
 a - a +0 robe (worn)
 f - a +0 helmet (worn)
   (You found it on level 4 of the Dungeon)
 o - a +1 cloak (worn)
   (You found it on level 2 of the Dungeon)
Jewellery
 p - a ring of magical power (left hand) {MP+9}
   (You found it on level 2 of the Dungeon)
 u - a ring of protection from magic (right hand) {MR+, !d}
   (You found it on level 2 of the Dungeon)
Wands
 m - a wand of enslavement (15)
   (You found it on level 2 of the Dungeon)
Scrolls
 e - 2 scrolls of immolation {!r}
 h - a scroll of remove curse
 k - a scroll of enchant weapon
 n - 2 scrolls of identify
 q - a scroll of teleportation
 r - a scroll of amnesia
 w - a scroll of enchant armour
Potions
 g - a potion of might {unknown}
 i - a potion of heal wounds {unknown}
 j - a potion of resistance {unknown}
 v - a potion of magic {unknown}
 z - a potion of brilliance {unknown}
 A - a potion of agility
 B - 2 potions of invisibility {unknown}
Books
 b - a book of Flames
Comestibles
 c - 7 rations


   Skills:
 - Level 1.5 Dodging
 - Level 2.1 Stealth
 + Level 3.8 Spellcasting
 + Level 4.0 Conjurations
 + Level 4.7 Fire Magic


You had 2 spell levels left.
You knew the following spells:

 Your Spells              Type           Power        Failure   Level  Hunger
a - Flame Tongue          Conj/Fire      ###..        2%          1    None
b - Throw Flame           Conj/Fire      ###...       4%          2    ##.....
c - Conjure Flame         Conj/Fire      ###.....     8%          3    ###....
d - Sticky Flame          Conj/Fire      ###.....     26%         4    ####...


Dungeon Overview and Level Annotations

Branches:
Dungeon (4/15)
 Temple: D:4-7

Altars:
Qazlal

Annotations:
D:3 Natasha


Innate Abilities, Weirdness & Mutations

You are resistant to torment.
Your stone body is resilient. (AC +4)
You are immune to poison.
You resist negative energy. (rN+)
You are resistant to electric shocks. (rElec)
You can survive without breathing.
You are immune to petrification.
You are immune to rotting.


Message History

Aim: an orc priest, wielding a club (resting)
The flame tongue hits the orc priest.
The orc priest is heavily wounded.
The orc priest shouts!
You hear a shout! x2
Casting: Flame Tongue
Confirm with . or Enter, or press ? or * to list all spells.
Aiming: Flame Tongue
Press: ? - help, Shift-Dir - straight line, f/p - orc priest
Aim: an orc priest, wielding a club (moderately wounded)
The flame tongue hits the orc priest.
The orc priest is severely wounded.
Casting: Flame Tongue
Confirm with . or Enter, or press ? or * to list all spells.
Aiming: Flame Tongue
Press: ? - help, Shift-Dir - straight line, f/p - orc priest
Aim: an orc priest, wielding a club (severely wounded)
The flame tongue misses the orc priest.
The orc priest closely misses you.
Casting: Flame Tongue
Confirm with . or Enter, or press ? or * to list all spells.
Aiming: Flame Tongue
Press: ? - help, Shift-Dir - straight line, f/p - orc priest
Aim: an orc priest, wielding a club (severely wounded)
The flame tongue hits the orc priest.
You kill the orc priest!
Your Conjurations skill increases to level 4!
Things that are here:
a club; an orc corpse A leopard gecko, 3 orcs and an ogre come into view.
An orc is wielding a mace of holy wrath.
The orc shouts!
The ogre shouts!
The orc shouts!
Things that are here:
a club; an orc corpse The ogre hits you with a giant club!
Casting: Flame Tongue
Confirm with . or Enter, or press ? or * to list all spells.
Aiming: Conjure Flame
Press: ? - help, Dir - move target cursor The fire ignites!
Casting: Conjure Flame
Confirm with . or Enter, or press ? or * to list all spells.
Aiming: Throw Flame
Press: ? - help, Shift-Dir - straight line, f - ogre
Aim: an ogre, wielding a giant club You miscast Throw Flame.
You are very lightly contaminated with residual magic.
You feel uncomfortably hot.
Unknown command.
Casting: Throw Flame
Confirm with . or Enter, or press ? or * to list all spells.
Aiming: Throw Flame
Press: ? - help, Shift-Dir - straight line, f/p - ogre
Aim: an ogre, wielding a giant club The puff of flame hits the ogre.
The ogre is moderately wounded.
Casting: Throw Flame
Confirm with . or Enter, or press ? or * to list all spells.
Aiming: Throw Flame
Press: ? - help, Shift-Dir - straight line, f/p - ogre
Aim: an ogre, wielding a giant club (moderately wounded)
You miscast Throw Flame.
Your skin glows momentarily.
Casting: Throw Flame
Confirm with . or Enter, or press ? or * to list all spells.
Aiming: Throw Flame
Press: ? - help, Shift-Dir - straight line, f/p - ogre
Aim: an ogre, wielding a giant club (moderately wounded)
The puff of flame hits the ogre.
The ogre is moderately wounded.
Casting: Throw Flame
Confirm with . or Enter, or press ? or * to list all spells.
Aiming: Throw Flame
Press: ? - help, Shift-Dir - straight line, f/p - ogre
Aim: an ogre, wielding a giant club (moderately wounded)
The puff of flame hits the ogre.
The ogre is heavily wounded.
Casting: Throw Flame
Confirm with . or Enter, or press ? or * to list all spells.
Aiming: Throw Flame
Press: ? - help, Shift-Dir - straight line, f/p - ogre
Aim: an ogre, wielding a giant club (heavily wounded)
The puff of flame hits the ogre.
The ogre is almost dead.
You are feeling very hungry.
Casting: Throw Flame
Confirm with . or Enter, or press ? or * to list all spells.
Aiming: Throw Flame
Press: ? - help, Shift-Dir - straight line, f/p - ogre
Aim: an ogre, wielding a giant club (almost dead)
The puff of flame misses the ogre.
The puff of flame hits the orc.
You kill the orc!
Casting: Throw Flame
Confirm with . or Enter, or press ? or * to list all spells.
Aiming: Throw Flame
Press: ? - help, Shift-Dir - straight line, f/p - ogre
Aim: an ogre, wielding a giant club (almost dead)
The puff of flame misses the ogre.
The puff of flame hits the leopard gecko.
You kill the leopard gecko!
The ogre hits you with a giant club!!
Ouch! That really hurt!
You die...

#............####
#...............#
#......(.....##.#
###############.# #.# #.# #.#
#######################.##
#..o)...O@...............#
#l####################...# #)#
#...# #.# ################...#
loo.......$..................>..
..o.........)...........#.######
#.#####.##############..#.# #.#
#..#.###### #.# ##.........


You could see an ogre and an orc.

Vanquished Creatures
  The ghost of antender the Conjurer, a weakling DrCj (D:3)
  A hound (D:4)
  An orc priest (D:4)
  Natasha (D:3)
  Terence (D:3)
  An orc wizard (D:3)
  6 adders
  An ooze (D:3)
  2 worms
  2 dart slugs (D:1)
  4 leopard geckos
  5 orcs
  10 bats
  4 giant cockroaches
  5 goblins
  5 hobgoblins
  8 jackals
  8 kobolds
  A quokka (D:2)
  6 frilled lizards
  9 rats
82 creatures vanquished.

Notes
Turn   | Place    | Note
-------+----------+-------------------------------------------
     0 | D:1      | Mgcat the Gargoyle Fire Elementalist began the quest for the Orb.
     0 | D:1      | Reached XP level 1. HP: 10/10 MP: 3/3
   166 | D:1      | Reached XP level 2. HP: 12/15 MP: 5/5
   463 | D:1      | Reached XP level 3. HP: 19/19 MP: 6/6
   466 | D:1      | Reached skill level 2 in Conjurations
  1033 | D:2      | HP: 4/19 [leopard gecko (2)]
  1300 | D:2      | Reached XP level 4. HP: 23/24 MP: 4/8
  1528 | D:2      | Learned a level 2 spell: Throw Flame
  1532 | D:2      | Learned a level 3 spell: Conjure Flame
  1855 | D:3      | Reached skill level 3 in Spellcasting
  1893 | D:3      | Noticed antender's ghost (weakling DrCj)
  1906 | D:3      | Reached skill level 4 in Fire Magic
  1910 | D:3      | Killed antender's ghost
  1910 | D:3      | Reached skill level 3 in Conjurations
  1910 | D:3      | Reached XP level 5. HP: 8/28 MP: 1/9
  2030 | D:3      | Noticed Natasha
  2032 | D:3      | Killed Natasha
  2422 | D:3      | Found a stormy altar of Qazlal.
  2518 | D:3      | Found a faded altar of an unknown god.
  2556 | D:3      | Noticed Natasha
  2628 | D:3      | Reached XP level 6. HP: 32/32 MP: 11/11
  2752 | D:3      | Noticed Terence
  2761 | D:3      | Killed Terence
  2942 | D:3      | Learned a level 4 spell: Sticky Flame
  3195 | D:4      | Reached skill level 4 in Conjurations
  3216 | D:4      | Slain by an ogre

Skill      XL: |  1  2  3  4  5  6 |
---------------+-------------------+-----
Conjurations   | 2 3 4 |  4.0
Spellcasting   | 3 |  3.8
Fire Magic     | 4 |  4.7
Dodging        | |  1.5
Stealth        | |  2.1

Action                   |  1- 3 |  4- 6 || total
-------------------------+-------+-------++-------
Melee: Spear             |    78 |    19 ||    97
 Cast: Flame Tongue      |    39 |    69 ||   108
       Throw Flame       |       |    47 ||    47
       Conjure Flame     |       |     2 ||     2
  Use: Scroll            |       |    10 ||    10
 Stab: Sleeping          |     2 |       ||     2
  Eat: Chunk             |       |     9 ||     9
Armor: Robe              |    41 |    16 ||    57
Dodge: Dodged            |    59 |    30 ||    89

Vault maps used:
D:1:      lightli_arrival_quake
D:3:      nicolae_overflow_hidden_temple, chequers_ecumenical_altar_island,
          first_ration, st_stairs_4, uniq_natasha, uniq_terence
D:4:      grunt_temple_overflow_opulence, lemuel_round_altar

Table legend:
 A = Turns spent in this place as a percentage of turns spent in the entire game.
 B = Non-inter-level travel turns spent in this place as a percentage of non-inter-level travel turns spent in the entire game.
 C = Inter-level travel turns spent in this place as a percentage of turns spent in this place.
 D = Turns resting spent in this place as a percentage of non-inter-level travel turns spent in this place.
 E = Turns spent auto-exploring this place as a percentage of non-inter-level travel turns spent in this place.
 F = Non-inter-level travel turns spent in this place divided by the number of levels of this place that you've seen.
                   A       B       C       D       E      F
               +-------+-------+-------+-------+-------+----------------------
         Total | 100.0 | 100.0 |   1.2 |   0.0 |  82.0 | 794.5
       Dungeon | 100.0 | 100.0 |   1.2 |   0.0 |  82.0 | 794.5
               +-------+-------+-------+-------+-------+----------------------

Table legend:
 A = Kills in this place as a percentage of kills in entire the game.
 B = Kills by you in this place as a percentage of kills by you in the entire game.
 C = Kills by friends in this place as a percentage of kills by friends in the entire game.
 D = Other kills in this place as a percentage of other kills in the entire game.
 E = Experience gained in this place as a percentage of experience gained in the entire game.
 F = Experience gained in this place divided by the number of levels of this place that you have seen.
                   A       B       C       D       E      F
               +-------+-------+-------+-------+-------+----------------------
         Total | 100.0 | 100.0 |   N/A |   N/A | 100.0 | 116.2
       Dungeon | 100.0 | 100.0 |   N/A |   N/A | 100.0 | 116.2
               +-------+-------+-------+-------+-------+----------------------
